 Dungeon Crawl Stone Soup version 0.31-a0-217-g58bb5d79cf (webtiles) character file.

Game seed: 214702834266451653

10982 Zonian the Thaumaturge (level 11, -8/54 HPs)
             Began as a Deep Elf Ice Elementalist on July 2, 2023.
             Was a Believer of Ashenzari.
             Mangled by a cane toad (19 damage)
             ... on level 1 of the Lair of Beasts.
             The game lasted 00:37:39 (15516 turns).

Zonian the Thaumaturge (Deep Elf Ice Elementalist) Turns: 15516, Time: 00:37:39

Health: -8/54      AC:  6    Str:  5    XL:     11   Next: 43%
Magic:  0/32       EV: 13    Int: 31    God:    Ashenzari [**....]
Gold:   230        SH:  0    Dex: 17    Spells: 23/41 levels left

rFire   . . .        P - +3 rapier (venom)
rCold   . . .        (no shield)
rNeg    . . .        r - +0 troll leather armour
rPois   .            (no helmet)
rElec   .            (no cloak)
rCorr   .            q - +0 pair of gloves of Ashenzari's Regret {Fort, Bglg} (curse)
SInv    +            k - +0 pair of boots "Overhang to Understand" {Evo, Elem} (curse)
Will    +....        i - amulet of guardian spirit
Stlth   +++          j - ring "Pauzuecumu" {Int+6 Dex+2}
HPRegen 1.09/turn    M - ring of Ashenzari's Anxiety {Wiz, Self, Elem} (curse)
MPRegen 0.23/turn

%: guardian spirit, wizardry (x1)
@: freezing walls
A: no striking features
a: Renounce Religion, Shatter the Chains


You were on level 1 of the Lair of Beasts.
You worshipped Ashenzari.
Ashenzari was pleased with you.
You visited 2 branches of the dungeon, and saw 10 of its levels.

You collected 673 gold pieces.
You spent 443 gold pieces at shops.

Inventory:

Hand Weapons
 e - a +0 short sword
 s - the +9 war axe "Spider's Funeral" {holy, rPois Dex+4}
   (You bought it in a shop on level 2 of the Dungeon)

   Dex:       It affects your dexterity (+4).
   rPois:     It protects you from poison.
 v - a +0 morningstar of freezing
 y - a +0 orcbow
 D - a +1 whip of flaming
 F - a +2 war axe of electrocution
 P - a +3 rapier of venom (weapon)
Missiles
 J - 16 poisoned darts
 W - 3 throwing nets
Armour
 a - a +0 robe
 k - the cursed +0 pair of boots "Overhang to Understand" (worn) {Evo, Elem}
   (You found it on level 2 of the Dungeon)

   It has a curse which improves the following skills: Evocations: Evocations.
   Elements:  Fire Magic, Ice Magic, Air Magic and Earth Magic.
 q - the cursed +0 pair of gloves of Ashenzari's Regret (worn) {Fort, Bglg}
   (You found it on level 3 of the Dungeon)

   It has a curse which improves the following skills: Fortitude: Armour and
   Shields.
   Beguiling: Conjurations, Hexes and Translocations.
 r - a +0 troll leather armour (worn)
 H - +0 steam dragon scales
 T - a scarf of harm
 V - a +0 buckler
Magical Staves
 l - a staff of fire
 u - a staff of cold
 z - a staff of conjuration
 K - a staff of poison
 Q - a staff of air
Jewellery
 i - an amulet of guardian spirit (around neck)
 j - the ring "Pauzuecumu" (left hand) {Int+6 Dex+2}
   (You found it on level 2 of the Dungeon)

   [ring of intelligence]

   Int:       It affects your intelligence (+6).
   Dex:       It affects your dexterity (+2).
 x - a ring of willpower
 G - a +6 ring of dexterity
 M - the cursed ring of Ashenzari's Anxiety (right hand) {Wiz, Self, Elem}
   (You found it on level 8 of the Dungeon)

   [ring of wizardry]

   It improves your spell success rate.
   It has a curse which improves the following skills: Introspection: Fighting
   and Spellcasting.
   Elements:  Fire Magic, Ice Magic, Air Magic and Earth Magic.
Wands
 g - a wand of polymorph (3)
 o - a wand of light (3)
 A - a wand of iceblast (3)
 L - a wand of digging (4)
 N - a wand of flame (14)
 X - a wand of charming (3)
Scrolls
 c - 3 scrolls of revelation
 f - a scroll of immolation
 m - 2 scrolls of vulnerability
 n - 2 scrolls of fear
 O - a scroll of teleportation
 R - a scroll of summoning
 U - a scroll of enchant armour
 Y - a scroll of fog
Potions
 b - a potion of magic
 h - a potion of enlightenment
 p - 3 potions of degeneration
 t - a potion of mutation
 w - 2 potions of attraction
 B - a potion of heal wounds
 C - a potion of haste
 E - 3 potions of curing
 I - 2 potions of lignification
 S - a potion of might
Miscellaneous
 d - a phial of floods (inert)


   Skills:
 - Level 4.0 Short Blades
 - Level 4.0 Dodging
 - Level 4.0 Stealth
 + Level 14.6(15.7) Spellcasting
 - Level 2.5(3.5) Hexes
 - Level 6.0 Summonings
 - Level 4.0(5.0) Translocations
 + Level 13.0(14.6) Ice Magic


You had 23 spell levels left.
You knew the following spells:

 Your Spells              Type           Power      Damage    Failure   Level
a - Freeze                Ice            100%       1d10      0%          1
b - Frozen Ramparts       Ice            100%       1d16      0%          3
c - Ozocubu's Armour      Ice            86%        N/A       0%          3
d - Ensorcelled Hibernat  Hex/Ice        100%       N/A       1%          2
e - Summon Ice Beast      Ice/Summ       73%        N/A       1%          4
f - Blink                 Tloc           100%       N/A       1%          2
g - Spider Form           Tmut/Pois      24%        N/A       3%          3

Your spell library contained the following spells:

 Spells                   Type           Power      Damage    Failure   Level
 Manifold Assault         Tloc           54%        N/A       1%          4
 Anguish                  Hex/Necr       17%        N/A       6%          4
 Iskenderun's Battlesphe  Conj           25%        2d8       32%         5
 Leda's Unmaking          Conj/Erth      12%        9d3       83%         6
 Spellforged Servitor     Conj/Summ      21%        N/A       95%         7
 Storm Form               Tmut/Air       12%        N/A       100%        7


Dungeon Overview and Level Annotations

Branches:
Dungeon (8/15)             Temple (0/1) D:7            Lair (2/5) D:8
  Swamp: Lair:2-3    Shoals: Lair:2-3     Snake: Lair:2-3    Spider: Lair:2-3

Altars:
Ashenzari
Gozag
Kikubaaqudgha
Makhleb
Qazlal
Uskayaw
Xom
Yredelemnul

Shops:
D:2 (   D:3 ?

Annotations:
D:2 Terence
D:3 1 runed translucent door, Crazy Yiuf
D:5 4 runed translucent doors
D:7 Joseph


Message History

The cane toad is lightly wounded.
You feel very sick. The cane toad misses you.
Unknown command.
You hit the cane toad but do no damage.
The cane toad is lightly wounded.
You feel sick. The cane toad misses you.
You closely miss the cane toad.
The cane toad is moderately wounded.
You feel sick. The cane toad stings you!!
You hit the cane toad but do no damage.
The cane toad looks even sicker.
The cane toad is moderately wounded.
You feel sick.
The cane toad stings you but does no damage.
Unknown command.
Casting: Frozen Ramparts (safe; 0% risk of failure)
Confirm with . or Enter, or press ? or * to list all spells.
Casting: Frozen Ramparts (safe; 0% risk of failure)
Press: ? - help, Dir - look around, f - activate A stone staircase leading down, spattered with blood.
The walls around you are covered in ice.
You feel sick.
The wall freezes the cane toad.
The cane toad stings you!
* * * LOW HITPOINT WARNING * * *
The wall freezes the cane toad!
The cane toad seems to slow down.
The cane toad stings you.
* * * LOW HITPOINT WARNING * * *
Unknown command.
You barely miss the cane toad.
The cane toad is heavily wounded.
You feel sick.
You closely miss the cane toad.
The cane toad is heavily wounded.
You feel sick.
The wall freezes the cane toad.
The cane toad seems to slow down.
The cane toad stings you!
* * * LOW HITPOINT WARNING * * *
You are lethally poisoned!
The cane toad poisons you!
You feel better.
The wall freezes the cane toad.
The cane toad seems to slow down.
The cane toad stings you!!
You die...

...###'##....#.#.##..............
.................................
######...........................
##.......................... ###
#..........................
#.#####..........................
.................###.######......
.............##P.# ### ##......
.....#.#.##..###@# #.......
#'.'..#.####.# #F# ##......
....##....##.# #.## #......
....##....##.# #..# #..รท>..
'...'.....##.# #.## ##.####.
##'###.'##.#.###.# #..###..
#..###..####..##.## ##..##..
.+...##...#.......##### #.####.
.#........##.....#.##.#####.# #.


You could see a cane toad (very poisoned, slow).

Vanquished Creatures
  Harold (Lair:1)
  Pikel (D:4)
  2 elephants (Lair:2)
  Maggie (D:7)
  2 cane toads (Lair:1)
  An unseen horror (D:8)
  2 komodo dragons (Lair:1)
  A hornet (D:5)
  Grinder (D:3)
  A dream sheep (Lair:1)
  A wyvern (D:8)
  21 yaks
  2 basilisks (D:8)
  4 water moccasins
  An ice beast (D:6)
  A black bear (D:6)
  An orc warrior (D:8)
  A sky beast (D:6)
  2 ogres
  A wolf (Lair:1)
  A centaur (D:8)
  A phantom (D:5)
  2 lemures (D:4)
  7 bullfrogs
  2 scorpions
  2 howler monkeys
  2 jellies
  5 orc priests
  3 hounds (D:5)
  6 iguanas
  A sleepcap (D:6)
  7 orc wizards
  3 hell rats (Lair:1)
  7 adders
  4 river rats (Lair:1)
  4 shadow imps
  2 white imps
  A dart slug (D:2)
  3 worms
  31 orcs
  5 ball pythons
  4 endoplasms
  2 giant cockroaches (D:1)
  4 goblins
  8 hobgoblins
  2 quokkas (D:4)
  2 bats
  3 frilled lizards
  8 kobolds
  9 rats
  A spectral orc (D:5)
190 creatures vanquished.

Vanquished Creatures (collateral kills)
  2 cane toads (Lair:1)
  A komodo dragon (Lair:1)
  A bullfrog (D:7)
  A hound (D:7)
  A sleepcap (D:6)
6 creatures vanquished.

Vanquished Creatures (others)
  A human (D:3)
1 creature vanquished.

Grand Total: 197 creatures vanquished

Notes
Turn   | Place    | Note
-------+----------+-------------------------------------------
     0 | D:1      | Zonian the Deep Elf Ice Elementalist began the quest for
                  | the Orb.
     0 | D:1      | Reached XP level 1. HP: 10/10 MP: 6/6
   241 | D:1      | Reached XP level 2. HP: 15/15 MP: 6/8
   953 | D:2      | Identified the ring "Pauzuecumu" {Int+6 Dex+2}
   991 | D:2      | Reached XP level 3. HP: 19/19 MP: 7/10
  1225 | D:2      | Noticed Terence
  1345 | D:2      | Reached skill level 4 in Spellcasting
  1479 | D:2      | Reached skill level 5 in Ice Magic
  1817 | D:2      | Learned a level 3 spell: Frozen Ramparts
  1835 | D:2      | Found Ysexip's Antique Weapon Shop.
  1852 | D:2      | Reached XP level 4. HP: 24/24 MP: 10/12
  2055 | D:3      | Found an opulent altar of Gozag.
  2171 | D:3      | Found a faded altar of an unknown god.
  2366 | D:3      | Found Fouck's Magic Scroll Boutique.
  2370 | D:3      | Bought a scroll of fear for 40 gold pieces
  2437 | D:3      | Found an ancient bone altar of Kikubaaqudgha.
  2438 | D:3      | Noticed a human
  2442 | D:3      | Killed a human
  2469 | D:3      | Found a runed translucent door.
  2470 | D:3      | Noticed Crazy Yiuf
  2498 | D:3      | You fall into a shaft and drop 3 floors!
  2769 | D:6      | Noticed an ogre
  2781 | D:5      | Entered Level 5 of the Dungeon
  2786 | D:5      | Reached skill level 5 in Spellcasting
  2791 | D:5      | Reached XP level 5. HP: 28/28 MP: 9/14
  2844 | D:5      | Found a stormy altar of Qazlal.
  2868 | D:5      | Found a basalt altar of Yredelemnul.
  3670 | D:4      | Noticed a lemure
  3682 | D:4      | Learned a level 3 spell: Ozocubu's Armour
  3685 | D:4      | Learned a level 2 spell: Ensorcelled Hibernation
  3699 | D:4      | Noticed a lemure
  3773 | D:4      | Noticed a lemure
  3780 | D:4      | Killed a lemure
  3865 | D:3      | Noticed Grinder
  3875 | D:3      | Killed Grinder
  3876 | D:3      | Reached skill level 6 in Spellcasting
  3876 | D:3      | Reached XP level 6. HP: 21/32 MP: 12/17
  3980 | D:3      | Found a burning altar of Makhleb.
  4025 | D:3      | Learned a level 4 spell: Summon Ice Beast
  4380 | D:4      | Noticed Pikel
  4474 | D:4      | Killed Pikel
  4475 | D:4      | Reached skill level 7 in Spellcasting
  4475 | D:4      | Reached XP level 7. HP: 29/36 MP: 13/20
  4829 | D:5      | Reached skill level 8 in Spellcasting
  4993 | D:5      | Reached XP level 8. HP: 31/41 MP: 22/22
  5033 | D:5      | Learned a level 2 spell: Blink
  5065 | D:5      | Found a large runed translucent door.
  5065 | D:5      | Found a large runed translucent door.
  5075 | D:5      | Noticed a hornet
  5077 | D:5      | Paralysed by a hornet for 1 turns
  5083 | D:5      | Killed a hornet
  5308 | D:5      | Noticed a gargoyle
  5327 | D:5      | Found a large runed translucent door.
  5327 | D:5      | Found a large runed translucent door.
  5421 | D:5      | Reached skill level 9 in Spellcasting
  6924 | D:6      | Reached skill level 10 in Spellcasting
  7618 | D:6      | Reached XP level 9. HP: 44/45 MP: 22/25
  8617 | D:7      | Noticed Maggie
  8628 | D:7      | Killed Maggie
  8629 | D:7      | Reached skill level 10 in Ice Magic
  9621 | D:6      | Reached skill level 11 in Spellcasting
 10207 | D:2      | Bought an iridescent war axe for 221 gold pieces
 10207 | D:2      | Identified the +9 war axe "Spider's Funeral" {holy, rPois
                  | Dex+4} (You bought it in a shop on level 2 of the Dungeon)
 10652 | D:7      | Noticed Joseph
 10658 | D:7      | Found a broken altar of Ashenzari.
 10658 | D:7      | Found a shimmering altar of Xom.
 10662 | D:7      | Became a worshipper of Ashenzari the Shackled
 10689 | D:7      | Found a staircase to the Ecumenical Temple.
 11157 | D:8      | Reached skill level 12 in Spellcasting
 11200 | D:8      | Found a hide-covered altar of Uskayaw.
 11545 | D:8      | Reached skill level 1 in Translocations
 11861 | D:8      | Killed an unseen horror
 11862 | D:8      | Reached XP level 10. HP: 22/50 MP: 10/28
 12073 | D:2      | Bought a glowing rapier for 182 gold pieces
 12372 | D:8      | Found a staircase to the Lair.
 12648 | D:8      | Reached skill level 13 in Spellcasting
 12812 | D:8      | Reached * piety under Ashenzari
 12929 | Lair:1   | Entered Level 1 of the Lair of Beasts
 13108 | Lair:1   | Reached skill level 1 in Short Blades
 13200 | Lair:1   | HP: 2/50 [komodo dragon (18)]
 13616 | Lair:1   | Reached skill level 5 in Summonings
 13927 | Lair:1   | Noticed a cane toad
 13935 | Lair:1   | Killed a cane toad
 13936 | Lair:1   | Reached XP level 11. HP: 54/54 MP: 28/31
 13958 | Lair:1   | Noticed Harold
 14251 | Lair:1   | Reached ** piety under Ashenzari
 14533 | Lair:1   | Killed Harold
 14541 | Lair:1   | Reached skill level 14 in Spellcasting
 15090 | Lair:1   | Learned a level 3 spell: Spider Form
 15501 | Lair:2   | Noticed a skyshark
 15515 | Lair:1   | HP: 2/54 [cane toad (11)]
 15516 | Lair:1   | Mangled by a cane toad

Illustrated notes

Levels and vault maps discovered:
D:1:      dpeg_arrival_leaves_temple_mockup, layout_loops_ring,
          chequers_serial_rivers_marsh, minmay_gold_behind_fungi,
          minmay_heptomino_d4
D:2:      layout_loops_cross, serial_shops, shop,
          amcnicky_mini_rare_corridor_liquid, uniq_terence
D:3:      layout_loops_ring, mainiacjoe_overflow_alcove_4, grunt_gozag_statues,
          tgw_kikubaaqudgha, serial_shops, shop,
          dreamdust_ecumenical_altar_statues, roderic_roman_lattice,
          uniq_grinder, uniq_crazy_yiuf_cottage
D:4:      layout_loops_cross, minmay_tree_intersection, grunt_ministairs_4,
          grunt_decor_clamped, hangedman_glass_teeth, uniq_pikel
D:5:      layout_basic, yredelemnul_forgotten_temple_becter,
          nicolae_overflow_hidden_temple, minmay_hollow_rounded_squares
D:6:      layout_cave_pods, serial_co_window_serial, co_window_corner_a,
          co_window_paths_b, co_window_corner_a, co_window_paths_a,
          co_window_of_opportunity_a, co_window_corner_b, co_window_paths_c,
          co_window_paths_c, co_window_broadway_a, co_window_corner_b,
          co_window_corner_b, co_window_corner_ca, co_window_paths_d,
          co_window_paths_e, glass_columns_a, glass_columns_a, glass_columns_c
D:7:      layout_rooms, gammafunk_temple_overflow_elements, temple_statues,
          uniq_joseph, uniq_maggie
D:8:      layout_loops_ring, marbit_many_paths, minmay_lair_entry_grove,
          minmay_misc_feat_secret_circle
Lair:1:   layout_chaotic_city, dreamdust_deal_with_the_devil,
          kennysheep_abandoned_house, uniq_harold
Lair:2:   layout_hall_layers, chequers_serial_rivers_large_b, lemuel_fruit_tree,
          infiniplex_staircase_pool, grunt_megastairs_1

Skill      XL: |  1  2  3  4  5  6  7  8  9 10 11 |
---------------+----------------------------------+-----
Stealth        | 3 4 |  4.0
Spellcasting   | 4 5 6 7 8 10 12 13 14 | 14.6
Ice Magic      | 5 6 7 9 11 12 13 | 13.0
Hexes          | 2 |  2.5
Summonings     | 3 4 5 6 |  6.0
Dodging        | 3 4 |  4.0
Translocations | 1 4 |  4.0
Short Blades   | 3 4 |  4.0

Action                     |  1- 3 |  4- 6 |  7- 9 | 10-12 || total
---------------------------+-------+-------+-------+-------++-------
  Melee: Unarmed           |     1 |       |       |       ||     1
         Short sword       |    17 |     3 |       |       ||    20
         Punch             |     2 |     2 |     2 |     2 ||     8
         Morningstar       |       |    53 |       |       ||    53
         Whip              |       |       |   133 |       ||   133
         War axe           |       |       |    24 |     6 ||    30
         Rapier            |       |       |       |   153 ||   153
   Cast: Freeze            |    45 |    38 |    10 |       ||    93
         Frozen Ramparts   |       |     3 |    31 |    18 ||    52
         Ozocubu's Armour  |       |       |     9 |     3 ||    12
         Summon Ice Beast  |       |       |     4 |     4 ||     8
         Ensorcelled Hiber |       |       |     4 |       ||     4
         Blink             |       |       |       |     1 ||     1
 Invoke: Curse Item        |       |       |     1 |     2 ||     3
  Evoke: Wand              |       |     5 |     2 |    19 ||    26
         Phial of floods   |       |       |       |     2 ||     2
    Use: Scroll            |       |     4 |    10 |     2 ||    16
         Potion            |       |       |     4 |     4 ||     8
   Stab: Sleeping          |     1 |     4 |     1 |     1 ||     7
         Distracted        |       |       |     1 |       ||     1
         Invisible         |       |       |       |     3 ||     3
 Armour: Robe              |     2 |     1 |       |       ||     3
         Troll leather arm |       |    22 |    64 |    29 ||   115
  Dodge: Dodged            |    36 |    53 |    69 |    91 ||   249

Table legend: (Time is in decaauts)
 A = Elapsed time spent in this place.
 B = Non-inter-level travel time spent in this place.
 C = Inter-level travel time spent in this place.
 D = Time resting spent in this place.
 E = Time spent auto-exploring this place.
 F = Levels seen in this place.
 G = Mean time per level.
                   A        B        C        D        E       F      G
               +--------+--------+--------+--------+--------+-----+--------+
         Total |  15596 |  14756 |    840 |   6159 |   5857 |  10 | 1559.6 |
       Dungeon |  13002 |  12197 |    805 |   4765 |   5281 |   8 | 1625.2 |
          Lair |   2593 |   2559 |     34 |   1394 |    576 |   2 | 1296.5 |
               +--------+--------+--------+--------+--------+-----+--------+

Top non-repeatable levels by time:
     D:6: 4269 daAuts
  Lair:1: 2506 daAuts
     D:5: 1589 daAuts
     D:8: 1455 daAuts
     D:4: 1399 daAuts
     D:3: 1250 daAuts
     D:1: 1089 daAuts
     D:2: 985 daAuts
     D:7: 965 daAuts
  Lair:2: 87 daAuts
